 Dungeon Crawl Stone Soup version 0.23.2-30-g0e89c35649 (webtiles) character file.

Game seed: 5720908779148503656

39 Dasit the Grasshopper (level 3, -5/18 HPs)
             Began as a Vine Stalker Warper on June 15, 2019.
             Killed by nerve-wracking pain
             ... invoked by a shadow imp
              (10 damage)
             ... on level 2 of the Dungeon.
             The game lasted 00:02:20 (1952 turns).

Dasit the Grasshopper (Vine Stalker Warper)         Turns: 1952, Time: 00:02:21

Health: -5/18      AC:  6    Str: 14    XL:     3   Next: 45%
Magic:  0/8        EV: 10    Int: 13    God:
Gold:   62         SH:  3    Dex: 13    Spells: 5/7 levels left

rFire    . . .     SeeInvis .   a - +0 hand axe
rCold    . . .     Gourm    .   i - +0 buckler
rNeg     . . .     Faith    .   l - +0 ring mail
rPois    .         Spirit   +   (no helmet)
rElec    .         Reflect  .   (no cloak)
rCorr    .         Harm     .   p - +0 pair of gloves
MR       .....                  (no boots)
Stlth    ++........             (no amulet)
HPRegen  0.06/turn              j - ring of stealth
MPRegen  0.11/turn              (no ring)

@: no status effects
A: fangs 2, magic shield, antimagic bite, no potion heal 3, rot immunity
a: no special abilities


You were on level 2 of the Dungeon.
You were not hungry.

You visited 1 branch of the dungeon, and saw 2 of its levels.

You collected 62 gold pieces.

Inventory:

Hand Weapons
 a - a +0 hand axe (weapon)
Missiles
 e - 3 tomahawks of dispersal (quivered)
Armour
 i - a +0 buckler (worn)
 l - a +0 ring mail (worn)
 p - a +0 pair of gloves (worn)
Jewellery
 j - a ring of stealth (left hand)
 n - a +4 ring of protection {unknown}
 r - a +3 amulet of reflection {unknown}
Scrolls
 d - 2 scrolls of blinking
 k - a scroll of remove curse
 q - a scroll of teleportation
Potions
 c - a potion of brilliance {unknown}
 g - 2 potions of magic {unknown}
 h - 2 potions of curing {unknown}
 m - a potion of flight {unknown}
 o - 3 potions of agility {unknown}
Comestibles
 b - a chunk of flesh
 f - 3 rations


   Skills:
 * Level 2.2 Fighting
 + Level 2.1 Axes
 - Level 0.8 Throwing
 * Level 1.1 Armour
 + Level 1.6 Dodging
 + Level 0.2 Stealth
 * Level 2.8 Spellcasting
 * Level 3.0 Translocations


You had 5 spell levels left.
You knew the following spells:

 Your Spells              Type           Power        Failure   Level  Hunger
a - Blink                 Tloc           N/A          34%         2    ###....

Your spell library contained the following spells:

 Spells                   Type           Power        Failure   Level  Hunger
 Shroud of Golubria       Chrm/Tloc      #.........   54%         2    ###....
 Gell's Gravitas          Tloc           #.........   56%         3    ###....
 Lesser Beckoning         Tloc           #.........   56%         3    ###....
 Teleport Other           Tloc           #.......     56%         3    ###....
 Passage of Golubria      Tloc           N/A          92%         4    #####..


Dungeon Overview and Level Annotations

Branches:
Dungeon (2/15)

Altars:


Innate Abilities, Weirdness & Mutations

You have extremely sharp teeth.
When hurt, damage is shared between your health and your magic reserves.
Your bite disrupts and absorbs the magic of your enemies.
Potions cannot restore your health.
You are immune to rotting.


Message History

The tomahawk of dispersal hits the shadow imp.
The shadow imp blinks!
The shadow imp is almost dead.
You hit the rat.
The rat is moderately wounded.
The rat bites you but does no damage.
You barely miss the rat.
The rat is moderately wounded.
The rat misses you.
You hit the rat.
You kill the rat!
Throwing (i - inventory)
e - 4 tomahawks of dispersal (quivered)
Press: ? - help, Shift-Dir - straight line, f/p - shadow imp
Aim: a shadow imp (almost dead)
You throw a tomahawk of dispersal.
The tomahawk of dispersal closely misses the shadow imp.
The shadow imp gestures at you. Pain shoots through your body!
Ouch! That really hurt!
You die...

.....#...............,,,,,,,,,*
...............##....,,,,******
.........#..#.......#,,*,*
.#.......#..........#,,*,*****
....#.#..............,,,,,,,,*
.##.#.#.##.##..##....,,*****,*
** ....#.#.##[##......#,,,#
**,* *,
...........##.####.#...# *,,*
*, .##.)......##...@5.....#*
*,,* *<
......#.#####.####......* *,,*
*, ........###....,,,,###.#*
*,,* *,
###............**,,***,****,,*
*,
#####.###.....,,,,,,,,,,,,,***,
###*.....#*,,***,****,,,,,,
#......,,,,,,,,,,,,*****
#.#.#***,,***,****** *,*,* *,,*
*,*


You could see a shadow imp.

Vanquished Creatures
  An ooze (D:2)
  A dart slug (D:2)
  5 goblins
  4 hobgoblins
  3 jackals (D:1)
  A quokka (D:2)
  A ball python (D:1)
  4 bats (D:1)
  3 frilled lizards
  3 kobolds
  6 rats
32 creatures vanquished.

Notes
Turn   | Place    | Note
-------+----------+-------------------------------------------
     0 | D:1      | Dasit the Vine Stalker Warper began the quest for the Orb.
     0 | D:1      | Reached XP level 1. HP: 11/11 MP: 4/4
   190 | D:1      | Reached XP level 2. HP: 15/15 MP: 6/6
   848 | D:1      | Reached skill level 1 in Armour
  1038 | D:1      | Learned a level 2 spell: Blink
  1352 | D:2      | Reached XP level 3. HP: 18/18 MP: 8/8
  1952 | D:2      | Killed from afar by a shadow imp

Skill      XL: |  1  2 |
---------------+-------+-----
Fighting       | 2 |  2.2
Axes           | 2 |  2.1
Armour         | 1 |  1.1
Throwing       | |  0.8
Dodging        | |  1.6
Stealth        | |  0.2
Spellcasting   | |  2.8
Translocations | |  3.0

Action                   || total
-------------------------++-------
Melee: Hand axe          ||   116
       Bite              ||    28
Throw: Tomahawk          ||     2
  Use: Scroll            ||     4
 Stab: Sleeping          ||     1
  Eat: Chunk             ||     3
Armor: Leather armour    ||    11
       Ring mail         ||    30
Dodge: Dodged            ||    65
Block: Buckler           ||    16
